 Dungeon Crawl Stone Soup version 0.27.0-1-g7a089689b8 (webtiles) character file.

Game seed: 501337930716849770

12 Malachi the Magician (level 2, -1/21 HPs)
             Began as a Djinni Necromancer on Aug 11, 2021.
             Was a Follower of Zin (penitent).
             Slain by a frilled lizard (2 damage)
             ... on level 1 of the Dungeon.
             The game lasted 00:01:37 (1321 turns).

Malachi the Magician (Djinni Necromancer)           Turns: 1321, Time: 00:01:37

Health: -1/21      AC:  2    Str:  7    XL:     2   Next: 45%
Gold:   37         EV: 12    Int: 16    God:    Zin [*] SH:  0 Dex: 13

rFire    + + .     SeeInvis .   (no weapon)
rCold    x . .     Faith    .   (no shield)
rNeg     . . .     Spirit   .   a - +0 robe
rPois    ∞         Reflect  .   (no helmet)
rElec    .         Harm     .   (no cloak)
rCorr    .         Rampage  .   (no gloves)
Will     .....                  (boots unavailable)
Stlth    ++........             (no amulet)
HPRegen  0.07/turn              (no ring)
MPRegen  0.00/turn              (no ring)

@: flying
A: sickness immunity, fire resistance 2, cold vulnerability 1, float, innate
caster, hp casting, extra vitality 1
a: Renounce Religion, Donate Gold


You were on level 1 of the Dungeon.
You worshipped Zin.
Zin was demanding penance.
You visited 1 branch of the dungeon, and saw 1 of its levels.

You collected 41 gold pieces.
You donated 4 gold pieces to Zin.

Inventory:

Armour
 a - a +0 robe (worn)
Jewellery
 c - a ring of resist corrosion
Scrolls
 b - a scroll of identify {unknown}
 d - a scroll of enchant weapon {unknown}


   Skills:
 + Level 2.1 Dodging
 + Level 1.5 Stealth
 + Level 3.7 Spellcasting


You couldn't memorise any spells.
You knew the following spells:

 Your Spells              Type           Power      Damage    Failure   Level
a - Pain                  Necr           56%        1d6       3%          1
b - Animate Skeleton      Necr           28%        N/A       3%          1
c - Vampiric Draining     Necr           7%         2d7       12%         3
d - Animate Dead          Necr           7%         N/A       36%         4
e - Agony                 Necr           14%        N/A       71%         5
Your spell library was empty.

Dungeon Overview and Level Annotations

Branches:
Dungeon (1/15)

Altars:
Zin


Innate Abilities, Weirdness & Mutations

You are immune to sickness and miasma.
You are immune to poison.
Your flesh is very heat resistant. (rF++)
You are vulnerable to cold. (rC-)
You float through the air rather than walking.
You learn spells naturally, not from books.
Your magical power is your life essence.
You have superior vitality. (+4 HP)


Message History

The endoplasm freezes you.
You are frozen.
You feel a terrible chill! The frilled lizard closely misses you.
You barely miss the endoplasm.
The endoplasm is almost dead.
The endoplasm freezes you.
You are frozen.
You feel a terrible chill!
The frilled lizard bites you but does no damage.
You hit the endoplasm.
You kill the endoplasm!
The frilled lizard bites you. The frilled lizard misses you.
You closely miss the frilled lizard. The frilled lizard barely misses you.
You closely miss the frilled lizard. The frilled lizard bites you.
* * * LOW HITPOINT WARNING * * *
The frilled lizard barely misses you. The frilled lizard barely misses you.
The frilled lizard closely misses you. The frilled lizard bites you.
* * * LOW HITPOINT WARNING * * *
The frilled lizard bites you.
* * * LOW HITPOINT WARNING * * *
The frilled lizard closely misses you. The frilled lizard bites you.
* * * LOW HITPOINT WARNING * * *
The frilled lizard closely misses you. The frilled lizard closely misses you.
The frilled lizard bites you but does no damage.
The frilled lizard bites you.
* * * LOW HITPOINT WARNING * * *
The frilled lizard barely misses you. The frilled lizard closely misses you.
The frilled lizard barely misses you. The frilled lizard misses you.
The frilled lizard bites you. Zin protects you from harm!
The frilled lizard barely misses you. The frilled lizard closely misses you.
The frilled lizard bites you.
You die...

##.#...####.....[.
....... .+.......
#.#...#..........
##.##..#.#####....
##...#....#8.8#....
#......8###...###8.
#.......'..._...'..
#.l....8###...###8.
##@..#....#8.8#....
###.###..#####..##
#... ...........
#####.#####..... .#
##...# ##
.######..## .##
.[.......# ..#
########.# ..# #.#


You could see a frilled lizard.

Vanquished Creatures
  An endoplasm (D:1)
  A hobgoblin (D:1)
  3 jackals (D:1)
  A ball python (D:1)
  3 bats (D:1)
  3 frilled lizards (D:1)
12 creatures vanquished.

Notes
Turn   | Place    | Note
-------+----------+-------------------------------------------
     0 | D:1      | Malachi the Djinni Necromancer began the quest for the Orb.
     0 | D:1      | Reached XP level 1. HP: 15/15 MP: 0/0
   642 | D:1      | Reached XP level 2. HP: 11/21 MP: 0/0
  1230 | D:1      | Found a faded altar of an unknown god.
  1236 | D:1      | Became a worshipper of Zin the Law-Giver
  1236 | D:1      | Reached * piety under Zin
  1287 | D:1      | Was placed under penance by Zin
  1313 | D:1      | HP: 1/21 [frilled lizard (2)]
  1318 | D:1      | Zin protects you from harm!
  1321 | D:1      | Slain by a frilled lizard

Illustrated notes

Levels and vault maps discovered:
D:1:      noname_arrival_rooms_in_the_neighbourhood, layout_loops_corners,
          dreamdust_ecumenical_altar_angels_and_demons, kennysheep_minor_cross,
          feat_on_display

Action                   || total
-------------------------++-------
Melee: Unarmed           ||    10
 Cast: Pain              ||    26
       Animate Skeleton  ||     4
Armor: Robe              ||     6
Dodge: Dodged            ||    29
